 Dungeon Crawl Stone Soup version 0.26-a0-835-g8259106e14 (webtiles) character file.

Game seed: 4789418286596833129

66 robertstho the Gusty (level 3, -7/19 HPs)
             Began as a Deep Elf Air Elementalist on Nov 17, 2020.
             Mangled by a gnoll
             ... wielding a +0 halberd
              (11 damage)
             ... on level 2 of the Dungeon.
             The game lasted 00:02:38 (1301 turns).

robertstho the Gusty (Deep Elf Air Elementalist)    Turns: 1301, Time: 00:02:38

Health: -7/19      AC:  2    Str:  5    XL:     3   Next: 96%
Magic:  0/10       EV:  7    Int: 20    God:
Gold:   20         SH:  0    Dex: 15    Spells: 8/9 levels left

rFire    . . .     SeeInvis .   d - +0 short sword
rCold    . . .     Faith    .   (no shield)
rNeg     . . .     Spirit   .   a - +0 robe
rPois    .         Reflect  .   (no helmet)
rElec    .         Harm     .   (no cloak)
rCorr    .         Rampage  .   (no gloves)
MR       .....                  (no boots)
Stlth    ++........             (no amulet)
HPRegen  0.06/turn              (no ring)
MPRegen  0.12/turn              (no ring)

@: flying, held
A: no striking features
a: no special abilities


You were on level 2 of the Dungeon.
You visited 1 branch of the dungeon, and saw 2 of its levels.

You collected 20 gold pieces.

Inventory:

Hand Weapons
 d - a +0 short sword (weapon)
Missiles
 c - 8 curare-tipped darts (quivered)
Armour
 a - a +0 robe (worn)
Jewellery
 f - an uncursed amulet of the acrobat {unknown}
Scrolls
 e - 2 scrolls of remove curse {unknown}
 i - a scroll of teleportation {unknown}
 j - a scroll of enchant weapon {unknown}
 k - a scroll of identify {unknown}


   Skills:
 + Level 2.7 Dodging
 + Level 2.8 Stealth
 * Level 3.7 Spellcasting
 + Level 1.9 Conjurations
 * Level 4.0 Air Magic


You had 8 spell levels left.
You knew the following spells:

 Your Spells              Type           Power        Failure   Level
a - Shock                 Conj/Air       ###.         3%          1

Your spell library contained the following spells:

 Spells                   Type           Power        Failure   Level
 Swiftness                Air            ###.....     3%          2
 Static Discharge         Conj/Air       ###.....     12%         3
 Airstrike                Air            ###.......   26%         4
 Lightning Bolt           Conj/Air       ###.......   71%         5


Dungeon Overview and Level Annotations

Branches:
Dungeon (2/15)

Altars:


Message History

The gnoll hits you from afar with a +0 halberd!
A gnoll comes into view. It is wielding a +4 halberd.
Your Air Magic skill increases to level 4!
Casting: Shock (safe; 3% risk of failure)
Confirm with . or Enter, or press ? or * to list all spells.
Press: ? - help, Shift-Dir - straight line, f - gnoll
Aim: a gnoll, wielding a +4 halberd and quivering 2 throwing nets (wandering, hasn't noticed you)
The zap misses the gnoll. x2
The gnoll shouts!
The gnoll hits you from afar with a +0 halberd.
You aren't carrying any items that you can evoke.
You feel better.
The gnoll hits you from afar with a +0 halberd!
* * * LOW HITPOINT WARNING * * *
It was a potion of flight.
You feel very buoyant.
You fly up into the air.
The gnoll hits you from afar with a +0 halberd!
Ouch! That really hurt!
You die...

#.### #........#§
######.# #.##......#
.......#####.##......##§
......................§§
......................#§
........................
...................[.##.
..................g)g...
................@.#####
......####.........#
......# #.####....#
##..... .... #....#
#.... .....# #....g. #..
......# ....##.. .......
....# ## .............#
##..###..#


You could see 3 gnolls.

Vanquished Creatures
  A gnoll (D:2)
  An adder (D:2)
  An ooze (D:1)
  5 dart slugs (D:1)
  5 bats (D:1)
  3 giant cockroaches (D:1)
  6 goblins (D:1)
  4 hobgoblins (D:1)
  A quokka (D:2)
  A ball python (D:1)
  A frilled lizard (D:1)
  2 kobolds (D:1)
  2 rats (D:1)
33 creatures vanquished.

Notes
Turn   | Place    | Note
-------+----------+-------------------------------------------
     0 | D:1      | robertstho the Deep Elf Air Elementalist began the quest
                  | for the Orb.
     0 | D:1      | Reached XP level 1. HP: 10/10 MP: 6/6
   306 | D:1      | Reached XP level 2. HP: 15/15 MP: 6/8
   522 | D:1      | Reached XP level 3. HP: 19/19 MP: 8/10
  1299 | D:2      | Reached skill level 4 in Air Magic
  1301 | D:2      | Mangled by a gnoll

Illustrated notes

Levels and vault maps discovered:
D:1:      kilobyte_arrival_exit_the_forest, layout_rooms, minmay_pentomino_r2
D:2:      layout_rooms, grunt_dithmenos_smoke_and_mirrors, st_stairs_5

Skill      XL: |  1  2  3 |
---------------+----------+-----
Air Magic      | 4 |  4.0
Dodging        | |  2.7
Stealth        | |  2.8
Spellcasting   | |  3.7
Conjurations   | |  1.9

Action                   || total
-------------------------++-------
Melee: Unarmed           ||     5
       Short sword       ||    10
 Cast: Shock             ||    68
  Use: Potion            ||     4
 Stab: Sleeping          ||     1
Armor: Robe              ||     3
Dodge: Dodged            ||    28

Table legend: (Time is in decaauts)
 A = Elapsed time spent in this place.
 B = Non-inter-level travel time spent in this place.
 C = Inter-level travel time spent in this place.
 D = Time resting spent in this place.
 E = Time spent auto-exploring this place.
 F = Levels seen in this place.
 G = Mean time per level.
                   A        B        C        D        E       F      G
               +--------+--------+--------+--------+--------+-----+--------+
         Total |   1308 |   1276 |     32 |    249 |    859 |   2 |  654.0 |
       Dungeon |   1308 |   1276 |     32 |    249 |    859 |   2 |  654.0 |
               +--------+--------+--------+--------+--------+-----+--------+

Top non-repeatable levels by time:
     D:1: 1247 daAuts
     D:2: 60 daAuts
